 Dungeon Crawl Stone Soup version 0.23.2-33-g5129a83184 (webtiles) character file.

Game seed: 12513128006066715588

126 FishyPogo the Vexing (level 5, -4/30 HPs)
             Began as a Kobold Arcane Marksman on Aug 5, 2019.
             Slain by a worm (8 damage)
             ... on level 4 of the Dungeon.
             The game lasted 00:27:13 (2421 turns).

FishyPogo the Vexing (Kobold Arcane Marksman)       Turns: 2421, Time: 00:27:13

Health: -4/30      AC:  4    Str:  7    XL:     5   Next: 32%
Magic:  2/8        EV: 15    Int: 15    God:
Gold:   245        SH:  0    Dex: 16    Spells: 1/8 levels left

rFire    . . .     SeeInvis .   b - +1 dagger (protect)
rCold    . . .     Gourm    .   (shield restricted)
rNeg     . . .     Faith    .   p - +0 leather armour
rPois    .         Spirit   .   (no helmet)
rElec    .         Reflect  .   q - +0 cloak
rCorr    +         Harm     .   (no gloves)
MR       .....                  (no boots)
Stlth    +.........             (no amulet)
HPRegen  0.10/turn              t - ring of wizardry
MPRegen  0.11/turn              z - ring of resist corrosion

@: no status effects
A: small, carnivore
a: no special abilities


You were on level 4 of the Dungeon.
You were completely stuffed.

You visited 1 branch of the dungeon, and saw 4 of its levels.

You collected 245 gold pieces.

Inventory:

Hand Weapons
 a - a +0 hand crossbow
 b - a +1 dagger of protection (weapon)
Missiles
 d - 46 bolts
 i - 175 stones (quivered)
Armour
 e - a +0 robe
 p - a +0 leather armour (worn)
 q - a +0 cloak (worn)
Jewellery
 c - an uncursed ring of ice
 t - a ring of wizardry (left hand)
 z - a ring of resist corrosion (right hand)
Wands
 x - a wand of flame (21)
Scrolls
 h - 3 scrolls of identify {unknown}
 m - a scroll of remove curse {unknown}
 o - 2 scrolls of fog {unknown}
 r - 2 scrolls of blinking {unknown}
 u - a scroll of enchant weapon {unknown}
 v - 2 scrolls of immolation {unknown}
 w - 3 scrolls of teleportation {unknown}
 y - a scroll of magic mapping {unknown}
Potions
 g - a potion of curing {unknown}
 k - a potion of flight {unknown}
 l - a potion of haste {unknown}
 n - a potion of resistance {unknown}
 s - 2 potions of heal wounds {unknown}
Comestibles
 f - 8 rations
 j - a chunk of flesh


   Skills:
 - Level 2.0 Fighting
 - Level 1.0 Short Blades
 - Level 3.3 Crossbows
 * Level 1.1 Armour
 - Level 3.0 Dodging
 + Level 2.3 Spellcasting
 - Level 3.6 Hexes


You had one spell level left.
You knew the following spells:

 Your Spells              Type           Power        Failure   Level  Hunger
a - Corona                Hex            ##.....      2%          1    #......
b - Slow                  Hex            ##......     4%          2    ###....
c - Cause Fear            Hex            ##........   26%         4    #####..

Your spell library contained the following spells:

 Spells                   Type           Power        Failure   Level  Hunger
 Inner Flame              Hex/Fire       #.......     17%         3    ###....
 Portal Projectile        Hex/Tloc       #.....       17%         3    ###....
 Leda's Liquefaction      Hex/Erth       #.........   47%         4    #####..


Dungeon Overview and Level Annotations

Branches:
Dungeon (4/15)
 Temple: D:4-7

Altars:
Fedhas


Innate Abilities, Weirdness & Mutations

You are small and have problems with some larger weapons.
You are carnivorous and can eat meat at any time.


Message History

Found a scroll labeled OSYOFU GU QIMM.
The orc hits you with a +0 falchion.
The orc is no longer moving slowly.
Casting: Corona (safe; 2% risk of failure)
Confirm with . or Enter, or press ? or * to list all spells.
Aiming: Slow (safe; 4% risk of failure)
Press: ? - help, Shift-Dir - straight line, f - worm, p - orc
Aim: a worm (chance to defeat MR: 57%)
Okay, then.
Casting: Slow (safe; 4% risk of failure)
Confirm with . or Enter, or press ? or * to list all spells.
Aiming: Slow (safe; 4% risk of failure)
Press: ? - help, Shift-Dir - straight line, f/p - orc
Aim: an orc, wielding a +0 falchion and wearing a +0 scale mail (heavily wounded, chance to defeat MR: 66%)
The orc seems to slow down.
The orc hits you with a +0 falchion!
* * * LOW HITPOINT WARNING * * *
The worm bites you but does no damage. The worm bites you!
You die...

#.?# ... ..##
#..# .## #..#
...## #..##
....# #...###
....#
#.o.@#####....#
##..w........#
#####.......#
###.....#
##...## ##....#
#.<...#
#......#
#..####..#


You could see a worm and an orc.

Vanquished Creatures
  An adder (D:2)
  A gnoll (D:1)
  3 oozes
  An adder zombie (D:3)
  A worm (D:2)
  4 dart slugs
  3 leopard geckos
  5 orcs (D:3)
  A ball python (D:2)
  7 bats
  3 giant cockroaches
  8 goblins
  9 hobgoblins
  2 jackals (D:2)
  2 quokkas
  4 frilled lizards
  9 kobolds
  4 rats
68 creatures vanquished.

Notes
Turn   | Place    | Note
-------+----------+-------------------------------------------
     0 | D:1      | FishyPogo the Kobold Arcane Marksman began the quest for
                  | the Orb.
     0 | D:1      | Reached XP level 1. HP: 12/12 MP: 2/2
    14 | D:1      | Noticed a merfolk zombie
    93 | D:1      | Reached XP level 2. HP: 11/16 MP: 3/3
    99 | D:1      | Learned a level 2 spell: Slow
   411 | D:1      | Reached XP level 3. HP: 15/21 MP: 0/5
   823 | D:2      | Reached XP level 4. HP: 21/26 MP: 6/6
   861 | D:2      | Learned a level 4 spell: Cause Fear
   867 | D:2      | Found a blossoming altar of Fedhas.
  1682 | D:3      | Reached XP level 5. HP: 30/30 MP: 4/8
  1941 | D:3      | Reached skill level 1 in Short Blades
  2135 | D:3      | Reached skill level 1 in Armour
  2421 | D:4      | Slain by a worm

Skill      XL: |  1  2  3  4  5 |
---------------+----------------+-----
Fighting       | 2 |  2.0
Dodging        | 3 |  3.0
Crossbows      | 3 |  3.3
Spellcasting   | 2 |  2.3
Short Blades   | 1 |  1.0
Armour         | 1 |  1.1
Hexes          | |  3.6

Action                   |  1- 3 |  4- 6 || total
-------------------------+-------+-------++-------
Melee: Unarmed           |     5 |       ||     5
       Club              |    33 |    14 ||    47
       Dagger            |       |   201 ||   201
 Fire: Hand crossbow     |    56 |    26 ||    82
Throw: Stone             |     1 |       ||     1
 Cast: Corona            |     6 |    32 ||    38
       Slow              |    12 |    35 ||    47
 Stab: Sleeping          |       |     4 ||     4
  Eat: Chunk             |     9 |     9 ||    18
Armor: Robe              |     9 |     1 ||    10
       Leather armour    |       |    41 ||    41
Dodge: Dodged            |    55 |   137 ||   192
